Map: King's Cove LE

Players

HeroMarine

  • Race: Terran Terran
  • Spawn Location: 11:00

uThermal - Winner!

  • Race: Terran Terran
  • Spawn Location: 5:00

Event: 2019 WCS Spring

VOD

Have the link to the VOD?

Description

Time

  • Played on: May 17, 2019, 3:20 p.m.
  • Length: 22:31

All games in this series

Show
View Real Time Build Order
Export as new Build Order

HeroMarine Terran 

Build Orders: Reaper Expand 

Get SALT Encoding   

  12  0:00  SCV  
  13  0:12  SCV  
  14  0:17  Supply Depot  
  14  0:24  SCV  
  15  0:39  SCV  
  15  0:41  Barracks  
  16  0:44  Refinery  
  16  0:51  SCV  
  17  1:03  SCV  
  18  1:15  SCV  
  19  1:28  Reaper, Orbital Command  
  20  1:47  Command Center  
  20  1:54  SCV  
  21  1:59  Supply Depot  
  21  2:00  Marine  
  22  2:06  SCV  
  23  2:14  Factory  
  23  2:21  SCV  
  24  2:24  Barracks Reactor  
  24  2:28  Refinery  
  24  2:33  SCV  
  25  2:39  Barracks  
  25  2:45  SCV  
  26  2:57  SCV  
  27  2:59  Factory Tech Lab  
  27  3:00  Marine x2  
  27  3:02  Orbital Command  
  29  3:07  Orbital Command  
  29  3:09  SCV  
  30  3:17  Cyclone  
  30  3:19  Marine x2  
  35  3:22  SCV  
  35  3:30  Bunker  
  35  3:31  Barracks Tech Lab  
  35  3:34  SCV  
  36  3:36  SCV  
  36  3:37  Marine x2  
  39  3:46  SCV  
  39  3:48  SCV  
  41  3:50  Stimpack  
  40  3:56  Cyclone  
  40  3:57  Supply Depot  
  40  3:58  SCV  
  40  4:00  SCV  
  45  4:10  SCV  
  45  4:16  Supply Depot  
  46  4:18  Marine x3  
  46  4:19  SCV  
  46  4:22  SCV  
  51  4:24  Supply Depot  
  51  4:31  SCV  
  52  4:33  Engineering Bay  
  52  4:34  SCV  
  52  4:36  Marine  
  52  4:38  Starport  
  54  4:40  Supply Depot  
  54  4:42  Factory Reactor  
  54  4:43  SCV  
  55  4:46  SCV, Marine  
  55  4:47  Marine  
  56  4:55  SCV  
  56  4:58  SCV  
  56  5:04  Marine  
  55  5:07  SCV  
  55  5:10  Terran Infantry Weapons Level 1, SCV  
  55  5:11  Marine  
  55  5:13  Marine  
  59  5:18  Refinery  
  59  5:23  Medivac x2  
  59  5:27  SCV x2  
  65  5:30  Marine x2, Supply Depot  
  65  5:33  Marine  
  68  5:40  Supply Depot  
  68  5:48  Command Center  
  68  5:51  Marine x3  
  73  6:00  SCV x2, Siege Tank  
  73  6:03  Viking, Combat Shield  
  78  6:12  SCV x2, Barracks  
  78  6:13  Refinery  
  78  6:14  Supply Depot  
  78  6:16  Marine x2  
  78  6:17  Marine  
  83  6:29  SCV x2  
  83  6:30  Armory  
  85  6:33  Engineering Bay  
  85  6:35  Marine x2  
  85  6:36  Marine  
  88  6:41  SCV x2  
  90  6:52  Medivac x2  
  90  6:53  Siege Tank, Marine x3  
  100  7:00  SCV  
  100  7:01  SCV  
  100  7:07  Barracks Reactor  
  95  7:08  Orbital Command  
  95  7:12  Terran Infantry Armor Level 1  
  95  7:13  SCV x2  
  95  7:14  Marine x3  
  98  7:20  Terran Infantry Weapons Level 2  
  98  7:25  SCV x2, Barracks Reactor  
  98  7:29  Terran Vehicle Weapons Level 1  
  100  7:32  Marine x2  
  102  7:39  Barracks, Marine  
  102  7:42  Barracks  
  102  7:43  SCV x2  
  105  7:44  Orbital Command  
  105  7:50  Marine x2  
  107  7:55  SCV x2  
  110  8:03  Siege Tank  
  110  8:05  Factory  
  112  8:07  SCV x2  
  112  8:10  Supply Depot  
  112  8:11  Supply Depot  
  114  8:13  SCV  
  114  8:15  Sensor Tower  
  114  8:19  SCV x2  
  117  8:20  Barracks Reactor  
  117  8:28  Supply Depot  
  117  8:31  SCV x3, Marine x4  
  117  8:34  Barracks Reactor x2  
  124  8:35  Siege Tank  
  127  8:43  SCV x2  
  129  8:49  Marine x3  
  129  8:50  Marine  
  129  8:51  Siege Tank  
  129  8:54  Medivac  
  132  8:59  Marine x2  
  134  9:03  Refinery  
  134  9:04  Refinery  
  134  9:07  Supply Depot, Siege Tank, Marine x3  
  134  9:08  Marine  
  141  9:11  Terran Infantry Armor Level 2  
  141  9:21  Supply Depot  
  141  9:25  Supply Depot  
  141  9:29  Marine x8  
  149  9:43  Siege Tank x2, Marine x2  
  157  9:47  Marine x4  
  157  9:51  Marine x2  
  151  9:57  Marine x2  
  129  10:01  Marine  
  129  10:03  Marine  
  129  10:05  Marine x4  
  115  10:08  Command Center  
  115  10:09  Medivac x2, Marine x2  
  115  10:11  Terran Infantry Weapons Level 3  
  120  10:15  Terran Vehicle Weapons Level 2, Marine x2  
  120  10:19  Siege Tank  
  125  10:21  Marine x2  
  125  10:22  Marine x2  
  125  10:24  Marine  
  125  10:27  Marine x2  
  132  10:29  Siege Tank  
  132  10:32  Marine  
  132  10:33  Marine  
  137  10:36  Marine  
  137  10:39  Marine  
  137  10:42  Medivac x2  
  143  10:45  Marine x2  
  143  10:47  Marine  
  143  10:48  Marine x2  
  148  10:51  SCV  
  148  10:52  SCV x2  
  148  10:56  Supply Depot  
  151  10:57  Sensor Tower  
  151  11:04  SCV x3  
  154  11:12  Siege Tank x2  
  154  11:15  Marine x2  
  154  11:17  Viking  
  154  11:18  Viking  
  166  11:21  Planetary Fortress  
  166  11:27  Marine x2, Refinery  
  166  11:29  Refinery  
  168  11:35  Marine x4  
  170  11:41  Terran Infantry Armor Level 3  
  170  11:42  Marine x2  
  170  11:43  Starport  
  170  11:47  Viking  
  174  11:49  Viking  
  174  11:51  Marine x2  
  178  11:59  Siege Tank  
  178  12:00  Siege Tank  
  184  12:08  Barracks Reactor  
  183  12:16  Viking  
  183  12:19  Viking  
  187  12:23  Marine  
  187  12:25  Supply Depot  
  187  12:26  Supply Depot  
  188  12:30  Command Center  
  188  12:33  Marine  
  188  12:34  Marine  
  188  12:37  Terran Vehicle Weapons Level 3  
  188  12:44  Marine  
  188  12:45  Marine x2  
  183  12:53  Barracks x2  
  181  13:00  Command Center  
  181  13:01  Viking x2  
  191  13:06  Medivac x2  
  189  13:15  Factory Tech Lab  
  189  13:19  Marine x2  
  191  13:26  Marine  
  191  13:27  Marine x2  
  181  13:28  Marine x2  
  181  13:29  Marine x3  
  180  13:35  Siege Tank  
  180  13:37  Liberator x2, Marine x2  
  180  13:40  Siege Tank  
  169  13:42  Barracks Reactor x2  
  169  13:44  Marine x2  
  169  13:46  Marine x2  
  169  13:47  Marine  
  170  13:49  Marine x2  
  178  14:07  Siege Tank  
  181  14:11  Marine x2  
  181  14:12  Siege Tank  
  181  14:13  SCV x3  
  181  14:16  Orbital Command  
  186  14:28  SCV x3  
  186  14:29  Missile Turret  
  186  14:30  Marine x5  
  193  14:31  Marine  
  193  14:32  Marine  
  168  14:39  Siege Tank  
  168  14:44  Marine x2  
  168  14:45  Marine x2  
  153  14:46  Marine x3  
  153  14:48  Siege Tank, Marine x3  
  153  14:49  Marine x3  
  153  14:50  Marine  
  139  15:02  Marine x2  
  139  15:03  Marine x3  
  139  15:04  Marine x2  
  139  15:06  Marine x3  
  145  15:11  Siege Tank, Marine x2  
  147  15:17  Marine  
  147  15:18  Marine  
  147  15:19  Orbital Command  
  147  15:20  Siege Tank, Marine  
  141  15:21  Marine  
  144  15:29  Marine x2  
  144  15:32  Marine x2  
  144  15:33  Marine  
  144  15:34  Marine  
  147  15:37  Marine  
  147  15:39  Marine  
  149  15:44  Marine x2  
  149  15:47  Marine  
  131  15:51  Marine x2  
  131  15:52  Marine x2  
  131  15:56  Marine x2  
  126  15:57  Marine x2  
  126  16:03  Marine x4  
  131  16:07  Marine x2  
  131  16:08  Marine  
  134  16:12  Marine x3  
  134  16:15  Marine x2  
  134  16:16  Marine  
  140  16:22  Marine x2  
  142  16:27  Marine  
  142  16:30  Marine x2  
  139  16:32  Marine  
  139  16:33  Marine x2  
  139  16:34  Marine x3  
  139  16:36  Marine x2  
  139  16:37  Marine  
  148  16:40  Marine  
  148  16:41  Marine  
  148  16:45  Marine  
  146  16:48  Marine x2  
  146  16:50  Marine x2  
  146  16:51  Marine  
  146  16:52  Marine x2  
  153  16:57  Marine  
  154  17:02  Siege Tank  
  154  17:03  Marine  
  154  17:04  Marine x2  
  154  17:05  Marine x3  
  154  17:07  Marine  
  155  17:08  Marine x2  
  155  17:13  Marine  
  155  17:14  Marine  
  143  17:19  Marine x3  
  143  17:21  Marine  
  143  17:22  Marine  
  144  17:23  Marine x2  
  144  17:24  Marine  
  145  17:34  Marine x2  
  147  17:39  Marine x3  
  147  17:40  Marine  
  143  17:44  Marine  
  143  17:45  Marine x2  
  143  17:46  Marine x2  
  138  17:56  Marine  
  138  17:57  Marine  
  139  17:59  Medivac  
  139  18:00  Medivac x3  
  139  18:01  Marine  
  141  18:05  Marine x2  
  141  18:06  Marine  
  141  18:08  Marine x2  
  141  18:11  Marine x2  
  145  18:12  Marine  
  145  18:14  Marine  
  145  18:16  Marine  
  141  18:20  Marine x2  
  141  18:21  Marine  
  144  18:29  Medivac  
  144  18:36  Marine x2  
  144  18:38  Medivac x2  
  144  18:40  Marine x4  
  120  18:47  Marine x4  
  122  18:49  Marine  
  122  18:51  Marine  
  122  18:54  Marine  
  125  18:55  Marine  
  125  19:00  Marine  
  125  19:01  Orbital Command  
  128  19:03  Marine  
  128  19:04  Marine  
  128  19:07  Marine  
  127  19:10  Factory Tech Lab  
  127  19:14  Marine  
  127  19:15  Siege Tank, Marine  
  131  19:20  Marine  
  131  19:23  Marine  
  132  19:25  Sensor Tower, Marine x2  
  132  19:30  Marine x2  
  136  19:31  Marine  
  136  19:32  Marine  
  136  19:34  Marine  
  139  19:40  Siege Tank, Marine x2  
  139  19:42  Marine  
  139  19:45  Marine x2  
  146  19:48  Siege Tank  
  146  19:55  Marine x2  
  146  19:56  Marine x3  
  146  19:58  Marine  
  150  20:03  Marine  
  150  20:06  Marine  
  118  20:07  Marine  
  118  20:09  Marine  
  118  20:12  Siege Tank  
  118  20:13  Orbital Command  
  118  20:14  Marine x2  
  113  20:15  Marine  
  113  20:19  Marine  
  113  20:20  Marine x2  
  117  20:22  Marine  
  117  20:25  Marine  
  120  20:30  Marine  
  120  20:32  Siege Tank  
  122  20:36  Marine  
  122  20:38  Marine  
  122  20:39  Marine  
  122  20:42  Marine x2  
  126  20:43  Marine  
  126  20:44  Marine  
  126  20:49  Marine  
  129  20:55  Siege Tank  
  129  20:56  Marine x2  
  133  21:04  Siege Tank, Marine x2  
  133  21:08  Marine  
  139  21:11  Sensor Tower, Marine  
  139  21:12  Marine  
  139  21:15  Marine x2  
  143  21:19  Marine x2  
  145  21:26  Orbital Command  
  145  21:28  Siege Tank  
  145  21:32  Marine x2  
  142  21:34  Marine x2  
  142  21:35  Marine x2  
  142  21:36  Marine x2  
  142  21:37  Marine  
  142  21:38  Marine  
  135  21:40  Marine x2  
  135  21:46  Marine  
  133  21:51  Marine  
  133  21:56  Marine  
  95  22:11  Marine  
  95  22:13  Marine x2  
Show
View Real Time Build Order
Export as new Build Order

uThermal Terran - Winner!

Build Orders: Gas First Reaper Expand, Liberator Opening 

Get SALT Encoding   

  12  0:01  SCV  
  13  0:13  SCV  
  14  0:17  Supply Depot  
  14  0:25  SCV  
  14  0:28  Refinery  
  15  0:38  SCV  
  16  0:45  Barracks  
  16  0:51  SCV  
  17  1:03  SCV  
  18  1:15  SCV  
  19  1:32  Reaper, Orbital Command  
  20  1:50  Command Center  
  20  1:59  SCV  
  21  2:04  Factory  
  21  2:07  Barracks Reactor  
  21  2:11  SCV  
  21  2:16  Supply Depot  
  21  2:24  SCV  
  21  2:25  Refinery  
  22  2:36  SCV  
  23  2:49  Starport  
  23  2:50  SCV  
  24  2:54  Hellion x2  
  28  3:02  Orbital Command  
  28  3:03  SCV  
  29  3:10  Liberator  
  29  3:15  Hellion x2  
  29  3:17  SCV  
  34  3:29  SCV  
  34  3:30  SCV  
  39  3:34  Supply Depot  
  39  3:39  Hellion  
  41  3:43  Hellion  
  41  3:45  SCV  
  41  3:47  SCV  
  43  3:57  SCV  
  43  4:00  SCV, Hellion  
  47  4:04  Hellion, Barracks Tech Lab  
  47  4:07  Refinery  
  47  4:09  SCV  
  50  4:13  SCV, Supply Depot  
  51  4:21  SCV  
  52  4:25  SCV  
  53  4:31  Factory Tech Lab  
  53  4:33  SCV  
  53  4:34  Supply Depot, Raven, Marine x2  
  53  4:37  SCV  
  60  4:45  SCV  
  60  4:49  SCV  
  60  4:52  Marine x2  
  61  4:54  Siege Tank  
  61  4:56  Supply Depot  
  61  4:57  SCV  
  65  5:01  SCV  
  60  5:09  SCV  
  60  5:12  Command Center  
  60  5:13  SCV  
  62  5:17  Raven  
  62  5:21  Marine x2  
  65  5:22  SCV, Refinery  
  65  5:25  SCV  
  65  5:27  Siege Tank  
  70  5:34  SCV  
  70  5:35  Supply Depot  
  71  5:37  SCV  
  72  5:45  Marine x2  
  72  5:46  SCV  
  72  5:49  SCV  
  74  5:56  Engineering Bay  
  74  5:57  Engineering Bay  
  74  5:58  SCV  
  74  6:00  Siege Tank  
  78  6:06  SCV, Supply Depot  
  78  6:10  SCV  
  80  6:13  Viking x2  
  80  6:14  Marine  
  80  6:15  Stimpack  
  84  6:18  SCV  
  84  6:25  Terran Infantry Weapons Level 1, Terran Infantry Armor Level 1, Orbital Command  
  85  6:32  SCV x2, Missile Turret, Marine  
  88  6:34  Siege Tank  
  91  6:43  Viking x2  
  91  6:44  SCV  
  96  6:47  SCV  
  97  6:58  SCV  
  95  7:03  SCV  
  95  7:07  Refinery  
  96  7:12  Siege Tank, Barracks x3  
  96  7:13  Viking  
  96  7:15  Viking, Barracks  
  98  7:19  Supply Depot  
  98  7:20  SCV  
  101  7:24  Marine  
  101  7:25  Missile Turret  
  101  7:27  SCV  
  103  7:33  Supply Depot  
  103  7:34  Supply Depot  
  103  7:39  SCV  
  103  7:40  Armory  
  103  7:43  Medivac  
  106  7:44  Siege Tank  
  106  7:51  Marine  
  110  7:55  Medivac  
  111  8:02  Missile Turret, Barracks Reactor x2  
  111  8:03  Missile Turret, Marine x2  
  113  8:08  Marine  
  114  8:14  Supply Depot  
  114  8:16  Siege Tank  
  114  8:18  SCV  
  118  8:22  Marine x2  
  118  8:23  SCV  
  118  8:26  Marine  
  119  8:27  Supply Depot  
  119  8:33  Medivac  
  119  8:34  Missile Turret  
  121  8:39  Marine x2  
  121  8:40  Marine x3  
  126  8:43  Marine  
  126  8:44  Marine  
  131  8:48  Siege Tank  
  131  8:54  Orbital Command  
  131  8:56  Marine  
  131  8:57  Marine x4  
  131  8:58  SCV  
  131  9:01  Marine  
  131  9:02  Marine  
  139  9:07  SCV  
  140  9:10  SCV  
  140  9:14  Marine  
  140  9:15  Marine x4  
  146  9:19  Marine  
  146  9:20  Terran Infantry Weapons Level 2, Marine  
  146  9:22  Sensor Tower, Supply Depot  
  148  9:28  Terran Infantry Armor Level 2  
  148  9:33  Supply Depot  
  148  9:39  Sensor Tower, Marine  
  148  9:41  Supply Depot  
  149  9:45  Marine  
  150  9:55  Marine  
  150  9:56  Medivac  
  150  9:59  Marine x2  
  123  10:01  Marine  
  123  10:03  Medivac, Marine  
  123  10:05  Barracks Reactor  
  113  10:07  Siege Tank  
  113  10:09  Command Center  
  113  10:12  Refinery x2  
  113  10:13  Marine  
  114  10:14  Marine  
  114  10:17  Marine x2  
  114  10:18  Combat Shield  
  114  10:20  Barracks Reactor  
  117  10:22  Marine  
  117  10:26  Medivac  
  120  10:31  Terran Vehicle Weapons Level 1, Marine  
  120  10:32  Marine  
  120  10:35  Marine x2  
  124  10:40  Marine  
  124  10:41  Siege Tank  
  124  10:42  Marine  
  128  10:43  Marine  
  128  10:47  Missile Turret  
  128  10:48  Missile Turret, Marine  
  131  10:50  Marine  
  131  10:51  Medivac  
  131  10:52  Marine  
  131  10:53  Marine  
  131  10:54  Supply Depot  
  135  11:00  Marine x2  
  135  11:01  Marine x2  
  135  11:04  Marine  
  139  11:07  Marine  
  139  11:08  Marine  
  139  11:09  Medivac  
  139  11:10  Marine x2  
  146  11:18  Siege Tank, Marine  
  149  11:20  SCV  
  149  11:21  Marine  
  152  11:28  Marine x3  
  152  11:31  Marine  
  152  11:32  Marine  
  157  11:34  Marine x2  
  159  11:41  Supply Depot  
  159  11:44  Planetary Fortress  
  159  11:45  Marine x2  
  161  11:49  Terran Infantry Weapons Level 3  
  161  11:50  Siege Tank  
  161  11:54  Terran Infantry Armor Level 3  
  164  11:57  Marine  
  164  11:58  Marine  
  164  11:59  Marine x2  
  164  12:01  Liberator  
  168  12:02  Marine  
  169  12:09  Marine  
  169  12:12  Medivac  
  172  12:20  Marine  
  172  12:21  Marine  
  172  12:22  Marine x2  
  178  12:23  Marine  
  178  12:24  Command Center  
  178  12:25  Marine  
  178  12:26  Marine  
  178  12:27  Marine  
  178  12:29  Marine  
  178  12:38  Siege Tank, Marine x2  
  178  12:40  Marine x2  
  185  12:46  Medivac, Marine  
  185  12:48  Marine  
  185  12:49  Marine  
  187  12:52  Marine  
  187  12:55  Marine  
  187  12:56  Marine  
  190  12:59  Marine x2  
  190  13:00  Marine  
  190  13:01  Medivac  
  190  13:04  Marine  
  196  13:06  Marine  
  196  13:08  Marine  
  196  13:10  Marine  
  198  13:13  Marine  
  198  13:14  Marine  
  198  13:23  Medivac  
  198  13:24  Marine  
  198  13:26  Marine  
  198  13:27  Marine  
  199  13:29  Marine  
  199  13:31  Medivac, Marine x3  
  199  13:32  Marine x2  
  199  13:34  Siege Tank  
  182  13:42  Marine  
  182  13:44  Marine x2  
  182  13:47  Marine  
  186  13:48  Command Center  
  186  13:49  Marine  
  186  13:53  Medivac, Marine  
  186  13:54  Marine  
  191  13:58  Marine  
  192  14:03  Marine  
  192  14:06  Siege Tank, Marine  
  192  14:07  Marine  
  192  14:09  Medivac  
  200  14:15  Marine x2  
  199  14:20  Marine  
  200  14:38  Siege Tank  
  200  14:40  Medivac  
  200  14:45  Medivac  
  190  14:51  Marine  
  190  14:52  Marine x2  
  164  14:56  Marine x2  
  164  14:57  Marine  
  157  15:01  Marine  
  157  15:04  Marine  
  157  15:07  Marine  
  155  15:09  Marine  
  155  15:10  Medivac, Siege Tank  
  155  15:12  Marine x2, Barracks  
  155  15:13  Barracks  
  162  15:15  Medivac  
  162  15:17  Marine  
  162  15:19  Marine x3  
  140  15:21  Marine  
  140  15:24  Planetary Fortress, SCV, Marine  
  140  15:26  Marine  
  144  15:30  Marine  
  144  15:33  Marine  
  144  15:35  Marine  
  146  15:36  Marine  
  146  15:37  Marine x2  
  146  15:39  Marine  
  146  15:40  Medivac  
  146  15:42  Siege Tank, Marine  
  156  15:44  Marine  
  156  15:45  Medivac  
  156  15:48  Marine  
  140  15:50  Marine  
  140  15:53  Marine  
  140  15:54  Marine x2  
  140  15:55  Marine  
  134  15:57  Marine  
  134  16:00  Marine  
  134  16:02  Marine  
  124  16:06  Marine x3  
  124  16:08  Marine  
  124  16:10  Medivac  
  124  16:11  Marine  
  131  16:12  SCV x2, Marine x3  
  131  16:14  Siege Tank  
  131  16:15  Medivac, Marine  
  131  16:18  Marine  
  143  16:20  Marine  
  143  16:24  Marine x3  
  146  16:26  Marine  
  146  16:28  Marine  
  146  16:30  Marine x3  
  139  16:33  Marine  
  139  16:36  Marine  
  139  16:38  Marine  
  142  16:41  Marine  
  142  16:42  Marine x2  
  142  16:44  Marine  
  142  16:46  Siege Tank, Marine  
  143  16:48  Marine x3  
  143  16:50  Marine  
  143  16:53  Marine  
  146  16:55  Marine  
  146  16:59  Marine x2  
  146  17:00  Marine  
  142  17:02  Marine  
  142  17:03  Planetary Fortress  
  142  17:04  Marine  
  142  17:06  Marine x3  
  147  17:08  Marine  
  147  17:11  Marine  
  147  17:13  Marine  
  141  17:17  Marine x3  
  141  17:18  Siege Tank  
  141  17:20  Marine  
  141  17:22  Medivac, Marine  
  127  17:23  Marine x2  
  127  17:24  Marine  
  127  17:26  Marine  
  127  17:29  Marine  
  128  17:31  Marine  
  128  17:35  Marine x3  
  132  17:37  Marine  
  132  17:40  Marine  
  132  17:41  Marine x3  
  134  17:44  Marine  
  134  17:47  Marine  
  134  17:49  Marine  
  134  17:50  Siege Tank  
  132  17:53  Marine x3  
  132  17:55  Marine  
  132  17:57  Marine  
  135  17:59  Marine x2  
  135  18:03  Marine x2  
  135  18:05  Marine  
  128  18:07  Marine  
  128  18:10  Marine  
  128  18:11  Marine x2  
  131  18:13  Marine  
  131  18:15  Marine  
  131  18:17  Marine x2  
  135  18:20  Marine x2  
  135  18:22  Siege Tank, Marine  
  135  18:24  Marine  
  142  18:28  Marine  
  142  18:29  Marine x2  
  142  18:31  Marine  
  142  18:33  Marine  
  147  18:35  Marine x2  
  147  18:38  Marine x2  
  147  18:39  Medivac  
  147  18:40  Medivac  
  146  18:42  Marine  
  146  18:46  Marine x2  
  149  18:52  Marine  
  149  18:54  Marine x2  
  149  18:55  Siege Tank  
  145  19:00  Marine  
  146  19:04  Marine  
  146  19:05  Marine x2  
  146  19:09  Medivac  
  145  19:14  SCV  
  145  19:15  SCV  
  145  19:16  Marine x2  
  149  19:17  Marine x2  
  149  19:18  Marine  
  149  19:20  Orbital Command  
  151  19:25  Marine  
  151  19:27  SCV  
  151  19:28  Marine  
  154  19:37  SCV  
  155  19:41  Marine x2  
  155  19:42  Command Center  
  155  19:43  Marine x2  
  159  19:50  Marine x3  
  160  19:53  Marine  
  161  20:05  Medivac  
  161  20:06  Medivac, Marine  
  129  20:07  Marine  
  129  20:11  Marine x2  
  129  20:12  Marine x2  
  126  20:14  Marine  
  126  20:15  Marine  
  126  20:16  Marine  
  126  20:18  Marine  
  126  20:19  Marine  
  131  20:21  Siege Tank  
  131  20:23  Marine  
  132  20:29  Marine  
  132  20:31  Marine x2  
  132  20:32  Marine x2  
  139  20:37  Marine x2  
  139  20:38  Marine  
  139  20:42  Marine x2  
  144  20:44  Marine  
  144  20:47  Marine  
  144  20:49  Marine x2  
  148  20:54  Siege Tank  
  148  20:55  Marine  
  151  20:57  Marine x2  
  151  20:59  Orbital Command  
  151  21:03  Marine  
  152  21:04  Marine  
  152  21:08  Marine x2  
  152  21:10  Marine  
  156  21:14  Marine  
  156  21:15  Marine  
  156  21:16  Marine  
  159  21:26  Siege Tank, Marine  
  159  21:27  Marine x2  
  159  21:29  Marine  
  159  21:32  Marine  
  167  21:39  Marine  
  153  21:43  Medivac  
  153  21:44  Marine  
  153  21:45  Marine  
  150  21:47  Marine x2  
  150  21:48  Marine x2  
  150  21:49  Marine  
  150  21:50  Marine  
  145  21:57  Marine x2  
  145  21:58  Siege Tank  
  130  22:01  Marine  
  130  22:02  Marine  
  130  22:03  Marine  
  130  22:05  Marine x2  
  130  22:06  Marine x2  
  130  22:07  Marine  
  135  22:08  Marine  
Tags
 
Add a new tag
Caveats
  • Supply blocks, unpowered buildings, or Contaminate may cause inaccurate times.
  • Supply counts are checked every 10 seconds.